 Dungeon Crawl Stone Soup version 0.28.0-43-g3370ac3207 (webtiles) character file.

Game seed: 11986717917002633264

126388 pkoi the Destroyer (level 15, -3/125 HPs)
             Began as a Demigod Air Elementalist on Mar 28, 2022.
             Killed from afar by an eleionoma (13 damage)
             ... with a spray of wooden splinters
             ... on level 2 of the Swamp.
             The game lasted 01:30:30 (52534 turns).

pkoi the Destroyer (Demigod Air Elementalist)      Turns: 52534, Time: 01:30:31

Health: -3/125     AC: 20    Str:  9    XL:     15   Next: 97%
Magic:  16/34      EV: 15    Int: 33    God:
Gold:   2989       SH:  0    Dex: 20    Spells: 18/34 levels left

rFire   + + .      SeeInvis .   k - +3 Elemental Staff {rElec rF++ rC++ AC+5}
rCold   + . .      Faith    .   (no shield)
rNeg    + + .      Spirit   .   L - +0 acid dragon scales
rPois   +          Reflect  .   R - +0 helmet
rElec   +          Harm     .   v - +2 cloak {rPois}
rCorr   +          Rampage  .   B - +0 pair of gloves
Will    ++...                   f - +1 pair of boots
Stlth   ++........              F - amulet of magic regeneration
HPRegen 0.30/turn               g - ring of willpower
MPRegen 0.64/turn               O - ring "Reesae" {rC- rN++ rCorr Int-4 Dex+6}

@: no status effects
A: high MP 1, forlorn, divine attributes
a: no special abilities


You were on level 2 of the Swamp.
You visited 5 branches of the dungeon, and saw 25 of its levels.

You collected 3465 gold pieces.
You spent 476 gold pieces at shops.

Inventory:

Hand Weapons
 a - a +5 falchion
 k - the +3 Elemental Staff (weapon) {rElec rF++ rC++ AC+5}
   (You acquired it on level 7 of the Dungeon)

   If the wielder is skilled in Evocations, they can discharge powerful blasts
   of elemental energy when striking with it.
   It enhances your fire, ice, earth and air magic.
   AC:        It affects your AC (+5).
   rF:        It greatly protects you from fire.
   rC:        It greatly protects you from cold.
   rElec:     It insulates you from electricity.
Missiles
 S - 2 curare-tipped darts
Armour
 f - a +1 pair of boots (worn)
 v - a +2 cloak of poison resistance (worn)
 B - a +0 pair of gloves (worn)
 L - +0 acid dragon scales (worn)
 R - a +0 helmet (worn)
Jewellery
 d - a ring of wizardry
 g - a ring of willpower (left hand)
 o - an amulet of regeneration
 y - a ring of wizardry
 F - an amulet of magic regeneration (around neck)
 G - a ring of ice
 J - a ring of fire
 O - the ring "Reesae" (right hand) {rC- rN++ rCorr Int-4 Dex+6}
   (You found it on level 6 of the Lair of Beasts)

   [ring of dexterity]

   Int:       It affects your intelligence (-4).
   Dex:       It affects your dexterity (+6).
   rC:        It makes you vulnerable to cold.
   rN:        It greatly protects you from negative energy.
   rCorr:     It protects you from acid and corrosion.
 P - a ring of positive energy
Wands
 i - a wand of charming (9)
 p - a wand of iceblast (28)
 t - a wand of acid (2)
 u - a wand of mindburst (14)
 D - a wand of flame (57)
 I - a wand of polymorph (11)
 Q - a wand of digging (6)
Scrolls
 b - 5 scrolls of blinking
 c - 6 scrolls of identify
 e - a scroll of fear
 j - 6 scrolls of teleportation
 m - 5 scrolls of enchant armour
 q - 5 scrolls of magic mapping
 M - a scroll of fog
 T - a scroll of amnesia
Potions
 h - 2 potions of resistance
 l - a potion of magic
 n - 3 potions of haste
 r - 6 potions of heal wounds
 s - 7 potions of curing
 w - a potion of invisibility
 x - a potion of cancellation
 A - 2 potions of flight
 C - 3 potions of might
 E - a potion of berserk rage
 H - a potion of brilliance
 N - a potion of ambrosia
Miscellaneous
 z - a condenser vane
 K - a phial of floods


   Skills:
 - Level 9.4 Fighting
 - Level 9.0 Staves
 - Level 5.0 Armour
 - Level 7.5 Dodging
 - Level 1.7 Stealth
 - Level 10.2 Spellcasting
 + Level 13.1 Conjurations
 - Level 12.3 Air Magic
 - Level 6.0 Poison Magic
 - Level 9.3 Evocations


You had 18 spell levels left.
You knew the following spells:

 Your Spells              Type           Power      Damage    Failure   Level
a - Shock                 Conj/Air       100%       1d9       1%          1
b - Swiftness             Air            98%        N/A       1%          3
c - Mephitic Cloud        Conj/Pois/Air  92%        N/A       1%          3
d - Airstrike             Air            49%        N/A       1%          4
e - Lightning Bolt        Conj/Air       50%        1d71      1%          5

Your spell library contained the following spells:

 Spells                   Type           Power      Damage    Failure   Level
 Magic Dart               Conj           100%       1d8       1%          1
 Corpse Rot               Necr/Air       100%       N/A       1%          2
 Static Discharge         Conj/Air       100%       N/A       1%          2
 Hailstorm                Conj/Ice       74%        3d15      3%          4
 Animate Skeleton         Necr           32%        N/A       4%          1
 Pain                     Necr           64%        1d7       4%          1
 Call Imp                 Summ           16%        N/A       7%          2
 Call Canine Familiar     Summ           16%        N/A       14%         3
 Portal Projectile        Hex/Tloc       32%        N/A       14%         3
 Summon Guardian Golem    Hex/Summ       16%        N/A       14%         3
 Tukima's Dance           Hex            16%        N/A       14%         3
 Vampiric Draining        Necr           16%        2d7       14%         3
 Orb of Destruction       Conj           40%        9d11      17%         7
 Anguish                  Hex/Necr       8%         N/A       41%         4
 Animate Armour           Summ/Erth      50%        N/A       41%         4
 Ice Form                 Ice/Tmut       25%        N/A       41%         4
 Leda's Liquefaction      Hex/Erth       12%        N/A       41%         4
 Iron Shot                Conj/Erth      37%        9d7       43%         6
 Blade Hands              Tmut           8%         N/A       77%         5
 Maxwell's Capacitive Co  Air            49%        ∞         88%         8
 Spellforged Servitor     Conj/Summ      28%        N/A       95%         7
 Storm Form               Tmut/Air       36%        N/A       97%         7
 Dispersal                Tloc           8%         N/A       100%        6
 Simulacrum               Ice/Necr       12%        N/A       100%        6
 Enfeeble                 Hex            8%         N/A       100%        7
 Disjunction              Tloc           8%         N/A       100%        8


Dungeon Overview and Level Annotations

Branches:
Dungeon (13/15)            Temple (0/1) D:4            Lair (6/6) D:8
  Swamp (3/4) Lair:2       Spider (1/4) Lair:2        Slime (0/5) Lair:5
    Orc (2/2) D:9             Elf (0/3) Orc:2        Vaults (0/5) D:13

Shops:
D:8 *   Orc:1 *!   Orc:2 *[!(

Annotations:
Spider:1 Asterion


Innate Abilities, Weirdness & Mutations

You have an increased reservoir of magic. (+10% MP)
You shall have no god before yourself.
Your divine heritage dramatically boosts your attributes as you level up.


Message History

The will-o-the-wisp gestures.
The will-o-the-wisp conjures some foxfire!
The foxfire hits you but does no damage. 2 foxfires come into view.
Unknown command.
A tree reaches out and hits you!
* * * LOW HITPOINT WARNING * * *
The foxfire hits you. You resist.
* * * LOW HITPOINT WARNING * * *
The eleionoma flows through the trees.
There is a stone staircase leading up here.
Branches wave dangerously above you.
You are hit by a branch!
* * * LOW HITPOINT WARNING * * *
The foxfire hits you. You resist.
* * * LOW HITPOINT WARNING * * *
The eleionoma hits you.
* * * LOW HITPOINT WARNING * * *
The will-o-the-wisp gestures.
The will-o-the-wisp conjures some foxfire!
You climb upwards.
There is a stone staircase leading down here.
Unknown command.
Unknown command.
Aiming: Airstrike (safe; 1% risk of failure)
Press: ? - help, Q - select action, (/) - cycle Dir - move target, f - eleionoma
Aim: an eleionoma (heavily wounded, empty space bonus: 7/8)
You feel a surge of power!
The air twists around and strikes the eleionoma!
The eleionoma is severely wounded.
The eleionoma hits you but does no damage.
Aiming: Airstrike (safe; 1% risk of failure)
Press: ? - help, Q - select action, (/) - cycle Dir - move target, f/p - eleionoma
Aim: an eleionoma (severely wounded, empty space bonus: 7/8)
You feel a surge of power!
The air twists around and strikes the eleionoma!!
The eleionoma is almost dead.
The eleionoma hurls a spray of splinters at you.
The spray of wooden splinters hits you!
You die...

♣.≈.≈≈###≈≈###≈≈..≈.♣♣.
♣..≈≈≈+ #≈≈# #≈≈..§.♣≈.
♣♣≈♣≈≈###≈≈#+#≈≈≈.≈..≈)
♣≈..♣≈≈≈≈≈≈≈≈≈≈..≈♣.≈≈.
♣♣≈♣♣♣≈≈≈≈≈≈≈≈≈..≈≈.≈.≈
♣.♣♣≈≈≈≈.≈♣♣≈.≈≈.♣..≈.
♣..♣♣.≈≈≈§♣♣♣.≈.≈♣♣♣.≈
♣..♣...§§≈≈♣♣♣..♣♣ ♣..
♣♣.≈≈.@R≈≈≈..♣..≈♣♣♣♣.≈
♣♣≈)§§♣≈≈≈≈≈≈≈♣..♣≈.♣♣♣.
♣..≈≈≈♣≈≈≈≈≈≈≈§...♣♣♣ ♣♣
♣♣.≈≈.≈≈≈≈≈≈≈≈≈♣.≈.♣
♣♣♣♣♣.≈..≈♣♣♣..≈≈§.♣.≈♣♣
♣♣♣♣♣....≈≈..≈♣
♣♣♣♣.≈≈..♣♣
♣.§≈..≈≈≈≈≈...♣ ♣♣.≈≈.♣♣
..≈≈.≈≈≈≈≈≈..♣♣ ♣≈.♣≈.♣♣
≈≈♣≈.≈♣≈≈≈..≈≈♣
♣♣§♣≈≈♣≈♣


You could see an eleionoma.

Vanquished Creatures
  Jorgrun (D:13)
  A thorn hunter (Swamp:1)
  Gastronok (D:9)
  Azrael (Orc:1)
  3 ettins
  2 bunyips
  An ice dragon (D:11)
  A shambling mangrove (Swamp:2)
  Fannar (Lair:2)
  2 boulder beetles
  17 hydras
  4 ogre magi
  A catoblepas (D:9)
  A ghost crab (Swamp:1)
  17 two-headed ogres
  4 alligators
  2 dancing weapons (D:13)
  2 death yaks
  Urug (Lair:2)
  An orc high priest (Orc:1)
  Sonja (D:13)
  2 hell knights (D:11)
  A skeletal warrior (D:8)
  2 spriggan druids (Swamp:2)
  A flayed ghost (D:11)
  7 goliath frogs
  A swamp dragon (Swamp:2)
  A deep troll (D:11)
  A steelbarb worm (Spider:1)
  An orc knight (D:9)
  3 deep elf pyromancers
  Pikel (D:4)
  3 manticores
  5 wolf spiders
  4 cyclopes
  A moth of wrath (Spider:1)
  An ugly thing (D:11)
  2 will-o-the-wisps
  Maurice (D:11)
  17 elephants
  7 black mambas
  5 gargoyles
  5 torpor snails
  Maggie (D:9)
  12 cane toads
  9 komodo dragons
  2 efreet
  2 kobold demonologists
  An unseen horror (D:8)
  4 rime drakes
  6 trolls
  2 bloated husks (Swamp:1)
  6 polar bears
  Grinder (D:6)
  A meliai (D:11)
  2 tyrant leeches
  A wind drake (shapeshifter) (D:11)
  14 hornets
  4 tarantellas (Spider:1)
  20 dream sheep
  15 blink frogs
  9 slime creatures
  A culicivora (Spider:1)
  A shadow (D:11)
  Sigmund (D:5)
  17 spriggans
  A jumping spider (Spider:1)
  3 fire elementals (D:9)
  16 yaks
  A vampire (D:12)
  3 wraiths
  8 wyverns
  4 basilisks
  A golden eye (shapeshifter) (D:13)
  8 redbacks
  A steam dragon (D:8)
  2 humans (D:10)
  Grum (D:9)
  12 vampire mosquitoes
  9 swamp worms
  5 wargs
  3 acid dragons
  23 water moccasins
  4 hell hounds
  20 orc warriors
  7 black bears
  5 boggarts (Lair:6)
  4 necrophages
  2 sky beasts
  46 wolves
  24 ogres
  A phantom (D:4)
  7 centaurs
  A lemure (D:5)
  A kobold brigand (D:10)
  18 bullfrogs
  3 gnoll sergeants
  4 scorpions
  A wyvern skeleton (D:6)
  20 killer bees
  A water moccasin skeleton (D:6)
  4 wights (D:5)
  6 howler monkeys
  4 electric eels
  A bullfrog zombie (D:6)
  6 centaur zombies
  3 gnoll shamans
  14 jellies
  6 orc priests
  8 hounds
  Crazy Yiuf (D:6)
  2 iguanas
  17 orc wizards
  Ijyb (D:4)
  2 centaur simulacra
  2 hound skeletons (D:4)
  3 howler monkey zombies
  26 gnolls
  A howler monkey skeleton (D:7)
  11 adders
  An ufetubus (D:7)
  An adder skeleton (D:4)
  4 worms
  3 dart slugs
  77 orcs
  13 ball pythons
  5 bats
  9 endoplasms
  7 giant cockroaches
  7 goblins
  10 hobgoblins
  8 quokkas
  6 frilled lizards
  7 kobolds
  5 rats
  A butterfly (Lair:6)
821 creatures vanquished.

Vanquished Creatures (collateral kills)
  Rupert (D:11)
1 creature vanquished.

Vanquished Creatures (others)
  A kobold demonologist (D:11)
  A troll (D:11)
  A centaur (D:11)
  An orc wizard (D:11)
  An orc (Orc:2)
  16 foxfires (Swamp:3)
  82 fungi
  105 plants
208 creatures vanquished.

Grand Total: 1030 creatures vanquished

Notes
Turn   | Place    | Note
-------+----------+-------------------------------------------
     0 | D:1      | pkoi the Demigod Air Elementalist began the quest for the
                  | Orb.
     0 | D:1      | Reached XP level 1. HP: 14/14 MP: 5/5
   732 | D:1      | Reached XP level 2. HP: 20/20 MP: 2/7
  1330 | D:1      | Reached XP level 3. HP: 6/26 MP: 0/8
  1789 | D:1      | Learned a level 3 spell: Swiftness
  1984 | D:2      | Reached skill level 1 in Conjurations
  2418 | D:2      | Reached XP level 4. HP: 33/33 MP: 2/9
  2589 | D:2      | Learned a level 3 spell: Mephitic Cloud
  3554 | D:3      | Reached XP level 5. HP: 34/38 MP: 4/11
  3799 | D:3      | Reached skill level 1 in Poison Magic
  4086 | D:3      | Reached skill level 2 in Conjurations
  4617 | D:3      | Reached skill level 5 in Air Magic
  4828 | D:4      | Noticed a black bear
  4832 | D:4      | Noticed a black bear
  5152 | D:4      | Reached XP level 6. HP: 43/45 MP: 8/13
  5572 | D:4      | Found a staircase to the Ecumenical Temple.
  5627 | D:4      | Learned a level 4 spell: Airstrike
  5964 | D:4      | Reached skill level 3 in Conjurations
  5964 | D:4      | Reached XP level 7. HP: 50/50 MP: 11/15
  6470 | D:5      | Entered Level 5 of the Dungeon
  6470 | D:5      | Noticed Ijyb
  6498 | D:4      | Killed Ijyb
  7261 | D:5      | Noticed Pikel
  7277 | D:4      | Killed Pikel
  7278 | D:4      | Reached skill level 4 in Conjurations
  7278 | D:4      | Reached XP level 8. HP: 26/57 MP: 8/17
  7755 | D:5      | Noticed Sigmund
  7771 | D:5      | Killed Sigmund
  8417 | D:5      | Reached skill level 1 in Fighting
  8418 | D:5      | Reached skill level 1 in Evocations
  9325 | D:6      | Identified the +1 ring mail of Compassion {Int+4}
  9355 | D:6      | Reached skill level 5 in Conjurations
  9355 | D:6      | Reached XP level 9. HP: 64/64 MP: 6/19
  9473 | D:6      | Found a runed translucent door.
  9474 | D:6      | Noticed Crazy Yiuf
  9557 | D:6      | Noticed Grinder
  9565 | D:6      | Killed Grinder
  9896 | D:6      | Reached skill level 5 in Spellcasting
 10973 | D:6      | Killed Crazy Yiuf
 11756 | D:7      | Identified 2 scrolls of acquirement
 11756 | D:7      | Acquired the +3 Elemental Staff {rElec rF++ rC++ AC+5}
 11756 | D:7      | Found the +3 Elemental Staff {rElec rF++ rC++ AC+5}
 12341 | D:7      | Noticed a two-headed ogre
 12638 | D:7      | Killed a two-headed ogre
 12639 | D:7      | Reached skill level 1 in Staves
 13408 | D:7      | Reached XP level 10. HP: 77/77 MP: 2/22
 13753 | D:8      | Found a staircase to the Lair.
 14141 | D:8      | Found Haciu's Assorted Antiques.
 14438 | D:8      | Noticed a two-headed ogre
 14442 | D:8      | Killed a two-headed ogre
 14671 | D:8      | Reached skill level 6 in Conjurations
 15885 | D:8      | Noticed an eight-headed hydra
 15889 | D:8      | Killed an eight-headed hydra
 15890 | D:8      | Reached skill level 5 in Poison Magic
 16004 | D:8      | Learned a level 5 spell: Lightning Bolt
 16595 | Lair:1   | Entered Level 1 of the Lair of Beasts
 17227 | Lair:1   | Reached XP level 11. HP: 85/85 MP: 11/24
 17418 | Lair:1   | Noticed a five-headed hydra
 17422 | Lair:1   | Killed a five-headed hydra
 17808 | Lair:1   | Reached skill level 5 in Dodging
 18331 | Lair:1   | Acquired 796 gold pieces
 19802 | Lair:2   | Noticed Fannar
 19922 | Lair:2   | Killed Fannar
 19923 | Lair:2   | Reached skill level 5 in Fighting
 19923 | Lair:2   | Reached skill level 7 in Conjurations
 20623 | Lair:2   | Reached skill level 5 in Evocations
 20838 | Lair:2   | Noticed a seven-headed hydra
 20847 | Lair:2   | Noticed a five-headed hydra
 20957 | Lair:2   | Found a hole to the Spider Nest.
 20990 | Lair:2   | Killed a five-headed hydra
 21021 | Lair:2   | Killed a seven-headed hydra
 21416 | Lair:2   | Noticed Urug
 21421 | Lair:2   | Killed Urug
 21672 | Lair:2   | Found a staircase to the Swamp.
 22035 | Lair:3   | Reached XP level 12. HP: 94/94 MP: 13/26
 22570 | Lair:3   | Noticed a boulder beetle
 22832 | Lair:3   | Identified the +3 tower shield "Camoighi" {Will+}
 22862 | Lair:3   | Killed a boulder beetle
 23198 | Lair:3   | Reached skill level 5 in Staves
 23198 | Lair:3   | Reached skill level 10 in Air Magic
 23346 | Lair:3   | Identified the +4 short sword "Lejel" {vorpal, rC- Will++}
 23928 | Lair:4   | Reached skill level 8 in Conjurations
 24363 | Lair:4   | Noticed a four-headed hydra
 24368 | Lair:4   | Killed a four-headed hydra
 25002 | Lair:5   | Found a staircase to the Slime Pits.
 25337 | Lair:5   | Noticed an eight-headed hydra
 25342 | Lair:5   | Killed an eight-headed hydra
 25406 | Lair:5   | Noticed a five-headed hydra
 25410 | Lair:5   | Killed a five-headed hydra
 25863 | Lair:5   | Reached XP level 13. HP: 104/104 MP: 4/29
 28184 | D:9      | Noticed Grum
 28190 | D:9      | Killed Grum
 28833 | D:9      | Found a staircase to the Orcish Mines.
 29079 | D:9      | Noticed Maggie
 29083 | D:9      | Killed Maggie
 29150 | D:9      | Reached skill level 1 in Armour
 29150 | D:9      | Reached skill level 9 in Conjurations
 29886 | D:9      | Identified the +0 cloak of Yblapo Rysch {rN++ Int-5 SInv
                  | Stlth+}
 30612 | Lair:6   | Entered Level 6 of the Lair of Beasts
 31997 | Lair:5   | Reached XP level 14. HP: 111/114 MP: 20/31
 32409 | Lair:6   | Identified the ring "Reesae" {rC- rN++ rCorr Int-4 Dex+6}
 33777 | D:10     | Entered Level 10 of the Dungeon
 35777 | D:11     | Noticed Maurice
 35782 | D:11     | Killed Maurice
 37227 | D:11     | Got the Papyrus of Weightlessness
 37249 | D:11     | Identified the +10 war axe of the Destroying Augurer
                  | {vorpal, rF+ Will+ SInv Stlth-}
 37361 | D:11     | Identified the +4 lajatang of Precise Incision {freeze, rF+
                  | Will- Int+3}
 37511 | Orc:1    | Entered Level 1 of the Orcish Mines
 37620 | Orc:1    | Found Ynamon's Distillery.
 37623 | Orc:1    | Bought a potion of lignification for 42 gold pieces
 37623 | Orc:1    | Bought a potion of heal wounds for 70 gold pieces
 37843 | Orc:1    | Found Xunenuce's Gadget Gallery.
 37934 | Orc:2    | Entered Level 2 of the Orcish Mines
 37935 | Orc:2    | Noticed Azrael
 38036 | D:9      | Reached skill level 10 in Conjurations
 38530 | D:9      | Noticed Gastronok
 38572 | D:9      | Killed Gastronok
 39753 | Orc:1    | Killed Azrael
 40617 | Orc:1    | Reached skill level 5 in Armour
 40617 | Orc:1    | Reached XP level 15. HP: 56/123 MP: 27/33
 41097 | Orc:2    | Found Keroism's Armour Emporium.
 41098 | Orc:2    | Found Zuamyefe's General Store.
 41101 | Orc:2    | Found Naaf's Antique Weapon Shop.
 41101 | Orc:2    | Found Nanom's Distillery.
 41130 | Orc:2    | Bought a potion of invisibility for 112 gold pieces
 41130 | Orc:2    | Bought a potion of berserk rage for 70 gold pieces
 41130 | Orc:2    | Bought a potion of ambrosia for 112 gold pieces
 41130 | Orc:2    | Bought a potion of heal wounds for 70 gold pieces
 41744 | Orc:2    | Found a staircase to the Elven Halls.
 42567 | Swamp:1  | Entered Level 1 of the Swamp
 43671 | Swamp:1  | Noticed a thorn hunter
 44012 | Spider:1 | Entered Level 1 of the Spider Nest
 44832 | Spider:1 | Noticed Asterion
 45336 | D:12     | Noticed Rupert
 46393 | D:11     | Killed Rupert
 46394 | D:11     | Reached skill level 10 in Spellcasting
 46691 | D:11     | Acquired a book of Dangerous Friends
 47237 | D:13     | Noticed Sonja
 47239 | D:13     | Killed Sonja
 47439 | D:13     | Noticed Jorgrun
 47761 | D:13     | Killed Jorgrun
 47762 | D:13     | Reached skill level 11 in Conjurations
 48752 | D:13     | Found a gate to the Vaults.
 49500 | Swamp:1  | Killed a thorn hunter
 49985 | Swamp:1  | Reached skill level 12 in Conjurations
 52111 | Swamp:3  | Reached skill level 13 in Conjurations
 52534 | Swamp:2  | Killed from afar by an eleionoma

Illustrated notes

Levels and vault maps discovered:
D:1:      minmay_arrival_arboretum_small, layout_basic, serial_co_window_serial,
          co_window_paths_a, co_window_cross_1, co_window_paths_a,
          co_window_paths_b, co_window_corner_a, co_window_broadway_a,
          co_window_unsneaky_path_b, co_window_paths_c, co_window_paths_c,
          co_window_broadway_a, co_window_2corner, glass_columns_c,
          minmay_pentomino_t4
D:2:      layout_basic, basic_ecumenical_altar, basic_altar
D:3:      layout_loops_ring, nemelex_spade_bored_becter
D:4:      minmay_diamond_boxcup, layout_loops_ring, lightli_temple_of_fire,
          trog_ov_bears_minmay, mainiacjoe_overflow_boulevard, temple_statues
D:5:      layout_gridville, uniq_sigmund, uniq_pikel, uniq_ijyb
D:6:      layout_loops_cross, eat_drink_and_be_merry_uskayaw,
          hangedman_decor_riveting, nicolae_grassy_gnolls,
          uniq_crazy_yiuf_cottage, uniq_grinder
D:7:      layout_basic, minmay_circle_x
D:8:      layout_gridville, good_gods_temple_1, lair_entry_dummy, serial_shops,
          shop, minmay_crystal_water, st_stairs_8, minmay_pinched_square
D:9:      minmay_chopped_fan, layout_layer_cave, old_standard_altar,
          gammafunk_temple_overflow_claw, minmay_hedge_maze, uniq_grum,
          uniq_gastronok, uniq_maggie
D:10:     layout_basic, okawaru_humans
D:11:     minmay_sliced_demisemicircle, layout_basic, xom_confusion_cloud,
          uniq_maurice
D:12:     layout_stronghold, uniq_rupert
D:13:     layout_loops_ring, erik_vaults_1, nicolae_hepliaklqana_hippocampus,
          uniq_jorgrun, uniq_sonja
Lair:1:   layout_regular_city, serial_bayou_shore_a
Lair:2:   layout_regular_city, palyth_hydra_swamp_entry, spider_nest_entry_webs,
          minivault_19, uniq_fannar, uniq_urug
Lair:3:   beast_lair_carwin_large_3, layout_chaotic_city, serial_bayou_pond_a,
          serial_bayou_pond_e, nicolae_quartered_pool_super, st_stairs_3,
          grunt_megastairs_2
Lair:4:   layout_regular_city, ldierk_geyser
Lair:5:   nzn_winding_woodlands_large [nzn_winding_woodlands_5x5_three,
          nzn_winding_woodlands_5x15_pool, nzn_winding_woodlands_5x5_perimeter,
          nzn_winding_woodlands_center_lodge,
          nzn_winding_woodlands_15x15_boxy_spiral,
          nzn_winding_woodlands_center_garden, nzn_winding_woodlands_5x5_cross,
          nzn_winding_woodlands_5x15_eye, nzn_winding_woodlands_5x5_default],
          layout_cave_pods, minmay_slime_entry_jelly_boxes, serial_bayou_shore_b
Lair:6:   minmay_lair_end_enchanted_forest, layout_long_grid,
          serial_bayou_shore_b, lemuel_fruit_tree, lemuel_fruit_fields
Swamp:1:  layout_falls_marsh, evilmike_swamp_ruin_house_5, swamp_pool1,
          nicolae_swamp_treefoil
Swamp:2:  layout_falls_marsh, hangedman_swamp_pad, swamp_pool3,
          water_boxes_lemuel, infiniplex_staircase_pool
Swamp:3:  layout_basic_swamp, nicolae_swamp_tree_designs
Spider:1: layout_spider_delve, uniq_asterion
Orc:1:    layout_diamond_mine, serial_shops, nicolae_shop_behind_doors,
          nicolae_shop_gadgets
Orc:2:    st_orc_ogre_mass, layout_caves, uniq_azrael

Skill      XL: |  1  2  3  4  5  6  7  8  9 10 11 12 13 14 15 |
---------------+----------------------------------------------+-----
Air Magic      | 3 4 5 7 8 9 10 11 12 | 12.3
Conjurations   | 1 2 3 4 5 6 7 8 9 10 13 | 13.1
Spellcasting   | 2 3 4 5 6 7 8 9 10 | 10.2
Poison Magic   | 1 2 3 4 5 6 |  6.0
Dodging        | 2 3 4 5 7 |  7.5
Fighting       | 1 3 4 5 6 7 8 9 |  9.4
Evocations     | 1 3 4 5 6 7 8 9 |  9.3
Staves         | 1 3 4 5 7 8 9 |  9.0
Armour         | 2 5 |  5.0
Stealth        | |  1.7

Action                   |  1- 3 |  4- 6 |  7- 9 | 10-12 | 13-15 || total
-------------------------+-------+-------+-------+-------+-------++-------
Melee: Unarmed           |     5 |       |       |       |       ||     5
       Dagger            |    20 |       |       |       |       ||    20
       Whip              |       |     3 |    37 |       |       ||    40
       Punch             |       |       |     1 |     1 |       ||     2
       Staff             |       |       |       |    57 |   112 ||   169
 Cast: Shock             |    88 |   175 |   136 |    13 |       ||   412
       Airstrike         |       |       |    98 |   318 |   815 ||  1231
       Mephitic Cloud    |       |       |     1 |     2 |       ||     3
       Lightning Bolt    |       |       |       |    30 |   191 ||   221
  Use: Scroll            |     1 |       |    15 |     8 |     9 ||    33
       Potion            |       |       |       |       |     1 ||     1
 Stab: Distracted        |       |       |       |     1 |       ||     1
Armor: Robe              |    14 |    12 |    40 |   107 |    16 ||   189
       Acid dragon scale |       |       |       |       |   252 ||   252
Dodge: Dodged            |    27 |    46 |   101 |   145 |   448 ||   767
